 Dungeon Crawl Stone Soup version 0.30-a0-40-gc6d0f036a7 (webtiles) character file.

Game seed: 1257271371665975789

105 Newt the Trooper (level 4, -3/37 HPs)
             Began as a Demonspawn Gladiator on Aug 29, 2022.
             Slain by an iguana (6 damage)
             ... on level 3 of the Dungeon.
             The game lasted 00:02:46 (2351 turns).

Newt the Trooper (Demonspawn Gladiator)             Turns: 2351, Time: 00:02:47

Health: -3/37      AC: 10    Str: 16    XL:     4   Next: 54%
Magic:  4/4        EV: 10    Int:  9    God:
Gold:   114        SH:  0    Dex: 15    Spells: 3/3 levels left

rFire   . . .      SeeInvis .    a - +1 rapier
rCold   . . .      Faith    .    (no shield)
rNeg    . . .      Spirit   .    i - +3 scale mail
rPois   .          Reflect  .    c - +0 helmet
rElec   .          Harm     .    (no cloak)
rCorr   .          Rampage  .    (no gloves)
Will    .....                    (no boots)
Stlth   +.........               (no amulet)
HPRegen 0.12/turn                (no ring)
MPRegen 0.09/turn                (no ring)

@: no status effects
A: powered by death 1
a: no special abilities


You were on level 3 of the Dungeon.
You visited 1 branch of the dungeon, and saw 3 of its levels.

You collected 114 gold pieces.

Inventory:

Hand Weapons
 a - a +1 rapier (weapon)
 t - a +0 long sword
Missiles
 j - 3 boomerangs (quivered)
 n - 4 poisoned darts
Armour
 b - a +0 leather armour
 c - a +0 helmet (worn)
 i - a +3 scale mail (worn)
Jewellery
 p - a ring of protection from cold
Scrolls
 g - a scroll of fear
 h - a scroll of silence
 l - 2 scrolls of noise
 m - a scroll of amnesia
Potions
 f - 2 potions of might {unknown}
 k - a potion of curing


   Skills:
 - Level 4.0 Fighting
 - Level 2.6 Short Blades
 + Level 2.2 Throwing
 - Level 2.6 Dodging
 - Level 2.0 Stealth


You had 3 spell levels left.
You didn't know any spells.
Your spell library contained the following spells:

 Spells                   Type           Power      Damage    Failure   Level
 Freeze                   Ice            0%         1d3       83%         1
 Static Discharge         Conj/Air       0%         3-3/arc   93%         2
 Frozen Ramparts          Ice            0%         1d1       99%         3
 Dispel Undead            Necr           0%         3d6       100%        4
 Hailstorm                Conj/Ice       0%         3d3       100%        4
 Sticky Flame             Conj/Fire      0%         2d3       100%        4


Dungeon Overview and Level Annotations

Branches:
Dungeon (3/15)

Altars:


Innate Abilities, Weirdness & Mutations

You regenerate a little health from kills.


Message History

Aim: a goblin, wielding a +0 club (55% to hit)
You throw a javelin. The javelin pierces through the iguana.
The iguana is moderately wounded.
The javelin closely misses the goblin.
The iguana barely misses you.
Okay, then.
Throw: 3 boomerangs
Press: ? - help, Q - select action, (/) - cycle Shift-Dir - straight line, f/p - goblin
Aim: a goblin, wielding a +0 club (55% to hit)
You throw a boomerang.
The boomerang hits the iguana but does no damage.
The iguana is moderately wounded.
The iguana bites you but does no damage.
The iguana barely misses you.
Throw: 3 boomerangs
Press: ? - help, Q - select action, (/) - cycle Shift-Dir - straight line, f/p - goblin
Aim: a goblin, wielding a +0 club (55% to hit)
You throw a boomerang. The boomerang hits the iguana.
The iguana is heavily wounded.
The iguana hisses menacingly.
The iguana bites you.
* * * LOW HITPOINT WARNING * * *
You hit the iguana but do no damage.
The iguana is heavily wounded.
The iguana closely misses you.
Unknown command.
You feel better. The iguana barely misses you.
Unknown command.
You barely miss the iguana.
The iguana is heavily wounded.
The iguana bites you!
* * * LOW HITPOINT WARNING * * *
Unknown command.
Throw: 5 darts (poison)
Press: ? - help, Shift-Dir - straight line, f/p - goblin
Aim: a goblin, wielding a +0 club (55% to hit)
You throw a poisoned dart. The poisoned dart hits the iguana.
The iguana is heavily wounded.
The iguana bites you.
You die...

... ##### ## #.####...
#######... ....#.### #
.......^.# #......#.#
.........# #####..#.#.#.#
.........# #.).#....#...#
)........# #..........#
.........#.#######.#.#....#.#
.)..............@lg#.##.#.#
........##.#######.#.##.#.#
........+ ....##.#.#
....g...# .?.####.#.#
.......... ..... #.#.#
.......... ....(. ..#.#
.........l .....#.#####.#
.......... .#.... .#
#######...


You could see an iguana and a goblin.

Vanquished Creatures
  An orc priest (D:3)
  2 adders (D:2)
  A dart slug (D:2)
  3 orcs (D:3)
  3 ball pythons
  2 bats (D:1)
  2 endoplasms
  3 giant cockroaches
  8 goblins
  6 hobgoblins
  3 jackals (D:2)
  3 quokkas
  3 frilled lizards (D:2)
  3 kobolds
  7 rats
50 creatures vanquished.

Notes
Turn   | Place    | Note
-------+----------+-------------------------------------------
     0 | D:1      | Newt the Demonspawn Gladiator began the quest for the Orb.
     0 | D:1      | Reached XP level 1. HP: 16/16 MP: 1/1
   248 | D:1      | Reached skill level 1 in Stealth
   373 | D:1      | Gained mutation: You regenerate a little health from kills.
                  | [demonic ancestry]
   373 | D:1      | Reached XP level 2. HP: 22/22 MP: 2/2
   392 | D:1      | Found a faded altar of an unknown god.
  1349 | D:2      | Reached XP level 3. HP: 26/28 MP: 3/3
  1459 | D:2      | Reached skill level 3 in Fighting
  2294 | D:3      | Reached XP level 4. HP: 37/37 MP: 4/4
  2312 | D:3      | Reached skill level 4 in Fighting
  2351 | D:3      | Slain by an iguana

Illustrated notes

Levels and vault maps discovered:
D:1:      lightli_arrival_statue_moat, layout_basic,
          hellmonk_ecumenical_altar_crossroads
D:2:      layout_basic, kennysheep_generic_room_2
D:3:      layout_basic, kennysheep_cross_bottleneck, uniq_jessica

Skill      XL: |  1  2  3  4 |
---------------+-------------+-----
Stealth        | 1 2 |  2.0
Fighting       | 3 4 |  4.0
Throwing       | 2 |  2.2
Short Blades   | |  2.6
Dodging        | |  2.6

Action                   |  1- 3 |  4- 6 || total
-------------------------+-------+-------++-------
Melee: Rapier            |   135 |    27 ||   162
       Punch             |     1 |       ||     1
Throw: Throwing net      |       |     3 ||     3
       Boomerang         |       |     2 ||     2
       Dart              |       |     1 ||     1
       Javelin           |       |     1 ||     1
  Use: Scroll            |     8 |     1 ||     9
       Potion            |       |     1 ||     1
 Stab: Sleeping          |     1 |       ||     1
Armor: Leather armour    |     3 |       ||     3
       Scale mail        |    48 |    13 ||    61
Dodge: Dodged            |    69 |    25 ||    94

Table legend: (Time is in decaauts)
 A = Elapsed time spent in this place.
 B = Non-inter-level travel time spent in this place.
 C = Inter-level travel time spent in this place.
 D = Time resting spent in this place.
 E = Time spent auto-exploring this place.
 F = Levels seen in this place.
 G = Mean time per level.
                   A        B        C        D        E       F      G
               +--------+--------+--------+--------+--------+-----+--------+
         Total |   2362 |   2284 |     78 |    134 |   1778 |   3 |  787.3 |
       Dungeon |   2362 |   2284 |     78 |    134 |   1778 |   3 |  787.3 |
               +--------+--------+--------+--------+--------+-----+--------+

Top non-repeatable levels by time:
     D:1: 1180 daAuts
     D:2: 1111 daAuts
     D:3: 70 daAuts
